AoeStats
← fra_nikolaus

Arena

506923180Analyzed
1v1 RM · 18d ago on Sep 15, 2026· 46m 29s· 2 players
Game mode
Random Map
Map size
Tiny (2 player)
Population
200
Speed
Normal
Resources
Standard
Victory
Conquest
Starting age
Dark Age
Ending age
Imperial Age
RankedLock teamsTeams togetherTeam positionsShared explorationLock speedFull tech treeHidden civsTurbo modeCheats
Victory
Defeat
🇷🇺 Italians · Russia
514
+15
🇩🇰 Mongols · Denmark
495
-20
fra_nikolaus
10:10 Feudal Age
11:04 Horse Collar
11:30 Double-Bit Axe
15:18 Wheelbarrow
14:56 Stone Mining
19:13 Bloodlines
25:35 Castle Age
25:46 Castle Age
24:36 Padded Archer Armor
26:15 Loom
27:37 Hand Cart
27:16 Gold Mining
28:02 Stone Shaft Mining
27:41 Bow Saw
27:44 Scale Barding Armor
27:54 Leather Archer Armor
27:13 Light Cavalry
28:14 Husbandry
30:14 Heavy Plow
30:51 Gold Shaft Mining
39:19 Chain Barding Armor
38:50 Fletching
39:01 Scale Mail Armor
39:12 Forging
44:06 Imperial Age
45:44 Bodkin Arrow
46:05 Chain Mail Armor
46:26 Iron Casting
Dampir
12:35 Feudal Age
14:36 Double-Bit Axe
14:38 Horse Collar
18:43 Castle Age
18:12 Gold Mining
19:38 Bow Saw
19:33 Heavy Plow
19:56 Stone Mining
23:41 Treadmill Crane
28:55 Wheelbarrow
32:18 Hand Cart
32:27 Light Cavalry
33:08 Husbandry
33:24 Fletching
33:34 Padded Archer Armor
33:58 Murder Holes
37:49 Imperial Age
36:51 Forging
36:49 Scale Barding Armor
36:40 Bodkin Arrow
37:00 Leather Archer Armor
39:05 Ballistics
38:33 Hussar
39:34 Bracer
40:10 Iron Casting
39:56 Chain Barding Armor
39:18 Capped Ram
40:32 Conscription
40:18 Elite Genoese Crossbowman
Connection lost

Rejoining the realm…

Still unreachable

The connection could not be restored.

Session expired

The server has moved on; the page needs a fresh start.